 Dungeon Crawl Stone Soup version 0.20-a0-537-g052e6ba (webtiles) character file.

596 Duffy the Chopper (level 7, 0/62 HPs)
             Began as a Naga Fighter on Jan 27, 2017.
             Slain by a worker ant (4 damage)
             ... on level 4 of the Dungeon.
             The game lasted 00:04:44 (4280 turns).

Duffy the Chopper (Naga Fighter)                    Turns: 4280, Time: 00:04:44

Health: 0/62       AC:  8    Str: 21    XL:     7   Next: 40%
Magic:  7/7        EV:  2    Int:  8    God:
Gold:   158        SH: 10    Dex: 10    Spells: 6/6 levels left

rFire    . . .     SeeInvis +   a - +1 war axe
rCold    . . .     Gourm    +   y - +0 plate armour
rNeg     . . .     Faith    .   c - +0 shield
rPois    +         Spirit   .   (no helmet)
rElec    .         Reflect  .   (no cloak)
rCorr    .         Harm     .   (no gloves)
MR       .....                  (no barding)
Stlth    ..........             m - amulet of the gourmand
Regen    0.2/turn               (no ring)
                                (no ring)

@: short of breath, flying, very slightly contaminated, invisible, very slow
A: see invisible, deformed body, poison resistance, slowness 2, slow metabolism
1, spit poison 1, AC +2
a: Spit Poison


You were on level 4 of the Dungeon.
You were completely stuffed.

You visited 1 branch of the dungeon, and saw 5 of its levels.

You collected 158 gold pieces.

Inventory:

Hand Weapons
 a - a +1 war axe (weapon)
Armour
 c - a +0 shield (worn)
 y - a +0 plate armour (worn)
Jewellery
 m - an amulet of the gourmand (around neck)
Scrolls
 e - a scroll of enchant armour
 g - a scroll of enchant weapon
 i - a scroll of remove curse {unknown}
 j - a scroll of noise {unknown}
 k - a scroll of fear
 n - a scroll of random uselessness {unknown}
 p - a scroll of amnesia {unknown}
 t - a scroll of fog {unknown}
 u - a scroll of recharging {unknown}
Potions
 d - 2 potions of might
 h - a potion of curing {unknown}
 o - a potion of ambrosia {unknown}
 q - a potion of haste {unknown}
 r - a potion of cancellation {unknown}
 s - a potion of flight
 x - a potion of magic
 z - a potion of invisibility
 A - a potion of degeneration {unknown}
 B - a potion of heal wounds {unknown}
Comestibles
 f - 2 bread rations
 l - 2 royal jellies
 v - 2 meat rations


   Skills:
 - Level 3.0 Fighting
 + Level 5.8 Axes
 - Level 2.4 Armour
 + Level 5.1 Shields


You had 6 spell levels left.
You didn't know any spells.

Dungeon Overview and Level Annotations

Branches:
Dungeon (5/15)
 Temple: D:4-7

Altars:

Annotations:
D:4 Klosterheim's ghost, amateur DrMo


Innate Abilities, Weirdness & Mutations

You cannot wear boots.
Your serpentine skin is tough. (AC +2)
You have supernaturally acute eyesight. (SInv)
Armour fits poorly on your strangely shaped body.
Your system is resistant to poisons. (rPois)
You cover ground very slowly.
You have a slow metabolism.
You can spit poison.


Message History

The jelly is almost dead.
The worker ant twitches its antennae in your direction.
The jelly hits you but does no damage. x2
You hit the jelly.
You kill the jelly!
The worker ant twitches its antennae in your direction.
Press: ? - help, Shift-Dir - straight line, f - worker ant
Aim: a worker ant (hasn't noticed you)
The splash of poison misses the worker ant.
You feel slightly less full.
The worker ant twitches its antennae in your direction.
Items here: %% )) [ a short sword; a ring mail; a whip; an orc corpse x2
There is a stone staircase leading down here.
You closely miss the worker ant.
You are no longer corroded.
You block the worker ant's attack. The worker ant barely misses you.
Your shield and plate armour prevent you from hitting the worker ant.
The worker ant bites you.
You die...

####.# #...#
#...# .....#
#.### #...#
###### #.#
#...# #.#
######...# #.#
#........#
#########.#
#.####..##
#.........#
#.# #..#
.###.######
#)####..# .#
#.# #)@a....#
.# #.#
#####...######
#...##
#...[....# .##
#..#####.# .#
#....# #.# .#
#.#.## ..# .#
#.#.. ..# .. #
### ...# .#.#


You could see a worker ant.

Vanquished Creatures
  An ice beast (D:4)
  A phantom (D:4)
  An ogre (D:4)
  A scorpion (D:4)
  A jelly (D:4)
  A worker ant (D:4)
  5 adders
  7 gnolls
  An adder skeleton (D:4)
  A worm (D:3)
  5 dart slugs
  5 leopard geckos
  9 orcs
  7 bats
  2 giant cockroaches
  10 goblins
  6 hobgoblins
  12 jackals
  6 kobolds
  3 quokkas
  A ball python (D:1)
  5 frilled lizards
  13 rats
104 creatures vanquished.

Notes
Turn   | Place    | Note
-------+----------+-------------------------------------------
     0 | D:1      | Duffy the Naga Fighter began the quest for the Orb.
     0 | D:1      | Reached XP level 1. HP: 21/21 MP: 1/1
   225 | D:1      | Reached XP level 2. HP: 28/28 MP: 2/2
   606 | D:1      | Reached XP level 3. HP: 33/34 MP: 3/3
  1726 | D:2      | Reached XP level 4. HP: 41/42 MP: 4/4
  2627 | D:2      | Reached XP level 5. HP: 49/49 MP: 5/5
  3399 | D:4      | Noticed Klosterheim's ghost (amateur DrMo)
  3721 | D:4      | Reached XP level 6. HP: 25/56 MP: 6/6
  4216 | D:4      | Noticed an ice beast
  4223 | D:4      | Killed an ice beast
  4223 | D:4      | Reached skill level 5 in Axes
  4245 | D:5      | Entered Level 5 of the Dungeon
  4245 | D:5      | Noticed a phantom
  4259 | D:4      | Reached XP level 7. HP: 29/62 MP: 7/7
  4267 | D:4      | Reached skill level 5 in Shields
  4274 | D:4      | HP: 2/62 [acid (2)]
  4280 | D:4      | Slain by a worker ant

Vault maps used:
D:1:      dpeg_arrival_ratfight
D:2:      first_bread
D:4:      okawaru_metal_pillars_1_2
D:5:      kennysheep_little_box

Skill      XL: |  1  2  3  4  5  6  7 |
---------------+----------------------+-----
Shields        | 3 4 5 |  5.1
Axes           | 3 4 5 |  5.8
Fighting       | |  3.0
Armour         | |  2.4

Action                   |  1- 3 |  4- 6 |  7- 9 || total
-------------------------+-------+-------+-------++-------
Melee: War axe           |   135 |   188 |    15 ||   338
 Abil: Spit Poison       |       |    15 |     1 ||    16
  Use: Scroll            |       |     5 |       ||     5
       Potion            |       |     1 |     1 ||     2
 Stab: Invisible         |       |     1 |     1 ||     2
  Eat: Chunk             |     2 |    24 |       ||    26
Armor: Scale mail        |    64 |    78 |       ||   142
       Plate armour      |       |     5 |    12 ||    17
Dodge: Dodged            |    35 |    46 |     3 ||    84
Block: Shield            |    95 |   104 |     9 ||   208
